 Dungeon Crawl Stone Soup version 0.20-a0-522-g0b37eee (webtiles) character file.

44 M4edhros the Charlatan (level 3, -1/23 HPs)
             Began as an Octopode Artificer on Jan 25, 2017.
             Slain by a goblin (2 damage)
             ... on level 3 of the Dungeon.
             The game lasted 00:01:28 (685 turns).

M4edhros the Charlatan (Octopode Artificer)          Turns: 685, Time: 00:01:28

Health: -1/23      AC:  1    Str: 15    XL:     3   Next: 62%
Magic:  5/5        EV:  9    Int: 13    God:
Gold:   48         SH: 12    Dex: 13    Spells: 2/2 levels left

rFire    . . .     SeeInvis .   a - +0 short sword
rCold    . . .     Gourm    .   e - +0 large shield (curse)
rNeg     . . .     Faith    .   (helmet restricted)
rPois    .         Spirit   .   (no amulet)
rElec    .         Reflect  .   k - +4 ring of strength
rCorr    .         Harm     .   (no ring)
MR       .....                  (no ring)
Stlth    +++.......             (no ring)
Regen    0.1/turn               (no ring)
                                (no ring)
                                (no ring)
                                (no ring)

@: invisible
A: almost no armour, stealthy swim, amphibious, 8 rings, constrict 8, camouflage
1, gelatinous body 1
a: no special abilities


You were on level 3 of the Dungeon.
You were not hungry.

You visited 1 branch of the dungeon, and saw 3 of its levels.

You collected 48 gold pieces.

Inventory:

Hand Weapons
 a - a +0 short sword (weapon)
Missiles
 m - 19 sling bullets
 n - 19 stones (quivered)
Armour
 e - a cursed +0 large shield (worn)
Jewellery
 k - a +4 ring of strength (left tentacle)
Wands
 b - a wand of flame (15/48)
 c - a wand of enslavement (15/24)
 d - a wand of random effects (15/48)
Scrolls
 i - a scroll of noise {unknown}
 j - 3 scrolls of identify {unknown}
 o - a scroll of remove curse {unknown}
 p - a scroll of magic mapping {unknown}
Potions
 l - a potion of magic {unknown}
 r - a potion of mutation {unknown}
Comestibles
 f - a bread ration
 g - a meat ration
 q - a chunk of flesh


   Skills:
 - Level 1.0 Fighting
 - Level 1.0 Short Blades
 - Level 2.0 Dodging
 + Level 3.0 Stealth
 * Level 2.4 Shields
 - Level 3.2 Evocations


You had 2 spell levels left.
You didn't know any spells.

Dungeon Overview and Level Annotations

Branches:
Dungeon (3/15)

Altars:
Qazlal


Innate Abilities, Weirdness & Mutations

You cannot wear most types of armour.
You are very stealthy in the water. (Stealth+)
You are amphibious.
You can wear up to eight rings at the same time.
You can use your tentacles to constrict eight enemies at once.
Your skin changes colour to match your surroundings (Stealth+).
Your rubbery body absorbs attacks. (AC +1, EV +1)


Message History

* * * LOW HITPOINT WARNING * * *
You see here a sling bullet.
You are too injured to fight recklessly!
You block the hobgoblin's attack.
You are too injured to fight recklessly!
You completely miss the goblin. Your grab misses the goblin.
Your squeeze misses the goblin. The hobgoblin hits you.
* * * LOW HITPOINT WARNING * * *
The goblin unwields an uncursed hunting sling.
You block the goblin's attack.
Evoke which item? (* to show all) (? for menu, Esc to quit)
Aiming: Enslavement
Press: ? - help, Shift-Dir - straight line, f - hobgoblin
Aim: a hobgoblin (chance to defeat MR: 72%)
Okay, then.
Okay, then.
It was a potion of invisibility.
You fade into invisibility!
The hobgoblin closely misses you. The goblin hits you.
You die...

##.###.## #.###..#
#..###.### #######
###.#...g(.
#.....###.†_g.###.(
##.##.....#.### #..
##########.#####....# #..
#......(((g.....##.....##..
#..###.###@g###....###.##..
#^ #..# ####.# .... #+ #.##
#.# ... ... ### ...# ##..
#... #... .....


You could see a hobgoblin and a goblin.

Vanquished Creatures
  2 adders (D:2)
  An ooze (D:3)
  A worm (D:2)
  2 dart slugs (D:1)
  5 bats
  A giant cockroach (D:2)
  A hobgoblin (D:1)
  2 frilled lizards (D:1)
  4 kobolds
  2 rats
21 creatures vanquished.

Notes
Turn   | Place    | Note
-------+----------+-------------------------------------------
     0 | D:1      | M4edhros the Octopode Artificer began the quest for the Orb.
     0 | D:1      | Reached XP level 1. HP: 13/13 MP: 3/3
    85 | D:1      | Reached skill level 1 in Shields
   119 | D:1      | Reached XP level 2. HP: 18/18 MP: 4/4
   452 | D:2      | Reached XP level 3. HP: 23/23 MP: 5/5
   638 | D:3      | Found a stormy altar of Qazlal.
   683 | D:3      | HP: 1/23 [hobgoblin (3)]
   685 | D:3      | Slain by a goblin

Vault maps used:
D:1:      lightli_iron_boxes, serial_forest, infiniplex_forest_diagonal,
          infiniplex_forest_clump_long, infiniplex_forest_clump_curved,
          infiniplex_forest_clump_medium, infiniplex_forest_lined_2,
          infiniplex_forest_lined_ring, infiniplex_forest_straight_1,
          infiniplex_forest_clump_long
D:2:      marbit_many_paths, first_bread, makhleb_altar_promises_db
D:3:      kennysheep_the_goblin_king, lemuel_doored_altar, lemuel_crystal_altar,
          chequers_ecumenical_altar_twisty

Skill      XL: |  1  2  3 |
---------------+----------+-----
Shields        | 1 2 |  2.4
Stealth        | 2 3 |  3.0
Fighting       | |  1.0
Short Blades   | |  1.0
Dodging        | |  2.0
Evocations     | |  3.2

Action                   || total
-------------------------++-------
Melee: Short sword       ||    38
       Tentacles         ||    10
       Constrict         ||    10
  Use: Potion            ||     1
 Stab: Sleeping          ||     4
Armor: Skin              ||     6
Dodge: Dodged            ||     8
Block: Large shield      ||    31
